 Dungeon Crawl Stone Soup version 0.15-a0-411-g153a95e (console) character file.

248 xw the Chopper (level 5, 0/32 HPs)
             Began as a Gargoyle Fighter on May 4, 2014.
             Slain by an ogre
             ... wielding a +0,+0 giant spiked club
              (20 damage)
             ... on Level 4 of the Dungeon.
             The game lasted 00:01:23 (2892 turns).

xw the Chopper (Gargoyle Fighter)                   Turns: 2892, Time: 00:01:23

HP   0/32        AC 15     Str 24      XL: 5   Next: 15%
MP   5/5         EV  5     Int 14      God:
Gold 116         SH 19     Dex 10      Spells:  0 memorised,  4 levels left

rFire  . . .     SeeInvis .     Y - +1,+0 war axe {mapnotes,}
rCold  . . .     Clarity  .     h - +0 chain mail
rNeg   + . .     Conserve .     c - +0 shield
rPois  +         rCorr    .     (no helmet)
rElec  +         rRot     +     f - +0 cloak
SustAb . .       Spirit   .     (no gloves)
rMut   .         Warding  .     n - +0 pair of boots
Saprov . . .     Stasis   .     (no amulet)
MR     .....                    (no ring)
                                i - +5 ring of strength

@: brilliant, not resistant to hostile enchantments, extremely unstealthy
A: life protection 1, electricity resistance, unbreathing, petrification
resistance, AC +4
a: no special abilities


You were on level 4 of the Dungeon.
You were not hungry.

You visited 1 branch of the dungeon, and saw 4 of its levels.

You collected 116 gold pieces.

Inventory:

Hand weapons
 Y - a +1,+0 war axe (weapon) {mapnotes,}
Missiles
 a - 18 darts (quivered)
 q - 39 stones
Armour
 c - a +0 shield (worn)
 f - a +0 cloak (worn)
 h - a +0 chain mail (worn)
 n - a +0 pair of boots (worn)
Comestibles
 g - 2 apples
 o - a choko
 p - a meat ration
 u - a chunk of adder flesh
Scrolls
 j - 4 scrolls of identify
Jewellery
 i - a +5 ring of strength (left hand)
Potions
 b - a potion of heal wounds
 e - a potion of might


   Skills:
 - Level 3.2 Fighting
 * Level 4.0 Axes
 + Level 2.3 Throwing
 - Level 3.2 Armour
 - Level 3.2 Shields


You had 4 spell levels left.
You didn't know any spells.

Dungeon Overview and Level Annotations

Branches:
Dungeon (4/15)
 Temple: D:4-7

Altars:


Innate Abilities, Weirdness & Mutations

You are resistant to torment.
You are immune to poison.
You are immune to rotting.
Your stone body is very resilient (AC +4).
You resist negative energy.
You are resistant to electric shocks.
You can survive without breathing.
You are immune to petrification.


Message History

2873 ||| turn
2873 ||| turn
2873 ||| turn
2873 ||| Dropping junk: potion of poison
2874 ||| turn
2874 ||| turn
2874 ||| turn
2874 ||| turn
2876 ||| turn
2876 ||| turn
2876 ||| turn
2876 ||| turn
2887 ||| turn
2888 ||| turn
2889 ||| turn The orc wizard mumbles some strange words.
2890 ||| turn
2891 ||| turn
2892 ||| turn You die...

###########
.............
...............
...............
...............
......(O)........
......oo9........
......ogh........
......h........
...............
.......%.......
.............
...........
......... ...


You could see an ogre, an orc wizard, 2 orcs, 2 jackals and a goblin.

Vanquished Creatures
  An orc priest (D:3)
  4 adders
  2 giant geckos
  5 orcs
  A ball python (D:3)
  2 giant cockroaches (D:1)
  5 hobgoblins
  9 jackals
  5 quokkas
  6 bats
  3 giant newts (D:2)
  6 goblins
  5 kobolds
  8 rats
62 creatures vanquished.

Notes
Turn   | Place    | Note
--------------------------------------------------------------
     0 | D:1      | xw, the Gargoyle Fighter, began the quest for the Orb.
     0 | D:1      | Reached XP level 1. HP: 14/14 MP: 1/1
   240 | D:1      | Reached XP level 2. HP: 17/19 MP: 2/2
   748 | D:1      | TESTING POTIONS
   749 | D:1      | TESTING POTIONS
   750 | D:1      | TESTING POTIONS
   751 | D:1      | TESTING SCROLLS
   752 | D:1      | Dropping junk: 2 rotting chunks of kobold flesh
   753 | D:1      | New armour: chain mail (1010)
   753 | D:1      | Old armour: +0 scale mail (960)
   768 | D:1      | New armour: pair of boots (10)
   770 | D:1      | Dropping junk armour
   771 | D:1      | Dropping junk armour
   849 | D:2      | Reached skill level 1 in Throwing
   849 | D:2      | Reached XP level 3. HP: 21/23 MP: 3/3
   961 | D:2      | Fleeing towards (-4,1) corridor
   962 | D:2      | Fleeing towards (-2,1) corridor
   963 | D:2      | Fleeing towards (-1,1) corridor
  1328 | D:2      | Fleeing towards (-1,-5) corridor
  1330 | D:2      | Fleeing towards (-1,-4) corridor
  1332 | D:2      | Fleeing towards (-1,-1) corridor
  1374 | D:2      | Reached XP level 4. HP: 28/28 MP: 4/4
  1777 | D:2      | WEARING RING 1 bronze ring
  1778 | D:2      | TESTING POTIONS
  1779 | D:2      | TESTING POTIONS
  1780 | D:2      | TESTING SCROLLS
  1781 | D:2      | TESTING SCROLLS
  1782 | D:2      | Dropping junk: ring of poison resistance
  1785 | D:2      | New armour: cloak (10)
  1906 | D:3      | Fleeing towards (6,-1) corridor
  1908 | D:3      | Fleeing towards (5,-1) corridor
  1910 | D:3      | Fleeing towards (4,-1) corridor
  1912 | D:3      | Fleeing towards (2,-1) corridor
  2222 | D:3      | Reached XP level 5. HP: 6/32 MP: 5/5
  2623 | D:3      | Reached skill level 4 in Axes
  2842 | D:3      | WEARING RING 1 emerald ring
  2843 | D:3      | TESTING POTIONS
  2844 | D:3      | HEALING POTION s
  2845 | D:3      | TESTING POTIONS
  2869 | D:3      | TESTING POTIONS
  2870 | D:3      | TESTING POTIONS
  2871 | D:3      | TESTING SCROLLS
  2872 | D:3      | TESTING SCROLLS
  2873 | D:3      | Dropping junk: potion of poison
  2886 | D:4      | Noticed an ogre
  2892 | D:4      | Slain by an ogre

Action                   |  1- 3 |  4- 6 || total
-------------------------+-------+-------++-------
Melee: War axe           |    94 |    74 ||   168
Throw: Dart              |    52 |    68 ||   120
  Use: Potion            |     3 |     7 ||    10
       Scroll            |     1 |     4 ||     5

Vault maps used:
D:1:      co_arrival_random_square_maze
D:3:      grunt_ministairs_3
D:4:      temple_green, first_bread, serial_park, serial_park_square1,
          serial_park_square2, serial_park_tiny_pond, serial_park_tiny_1,
          serial_park_tiny_pond, st_stairs_4, elyvilon_altar_3
